 Dungeon Crawl Stone Soup version 0.23-b1-59-g586d0d887c (webtiles) character file.

Game seed: 4333357662812476625

33 Kifli the Grasshopper (level 3, 30/30 HPs)
             Began as a Centaur Warper on Feb 5, 2019.
             Got out of the dungeon alive.
             The game lasted 00:07:36 (1638 turns).

Kifli the Grasshopper (Centaur Warper)              Turns: 1638, Time: 00:07:37

Health: 30/30      AC:  4    Str: 13    XL:     3   Next: 12%
Magic:  5/5        EV:  9    Int: 12    God:
Gold:   88         SH:  0    Dex:  9    Spells: 3/5 levels left

rFire    . . .     SeeInvis .   a - +0 falchion
rCold    . . .     Gourm    .   (no shield)
rNeg     . . .     Faith    .   b - +0 leather armour
rPois    .         Spirit   .   (no helmet)
rElec    .         Reflect  .   (no cloak)
rCorr    .         Harm     .   (no gloves)
MR       .....                  (no barding)
Stlth    ..........             (no amulet)
HPRegen  0.10/turn              (no ring)
MPRegen  0.09/turn              (no ring)

@: very quick
A: large, hooves 3, deformed body, speed 2, tough skin 3
a: no special abilities


You escaped.
You were not hungry.

You visited 1 branch of the dungeon, and saw 2 of its levels.

You collected 88 gold pieces.

Inventory:

Hand Weapons
 a - a +0 falchion (weapon)
Missiles
 h - 36 stones (quivered)
 p - 19 arrows
Armour
 b - a +0 leather armour (worn)
Scrolls
 c - a scroll of teleportation {unknown}
 d - a scroll of blinking
 g - a scroll of fog {unknown}
 i - 2 scrolls of identify {unknown}
 o - a scroll of remove curse {unknown}
Potions
 j - a potion of curing {unknown}
 l - a potion of heal wounds {unknown}
 m - 2 potions of lignification {unknown}
 n - a potion of magic {unknown}
 q - a potion of berserk rage {unknown}
Comestibles
 f - 2 rations


   Skills:
 + Level 2.5 Fighting
 + Level 2.0 Long Blades
 + Level 1.1 Throwing
 + Level 1.0 Armour
 + Level 1.7 Dodging
 + Level 1.7 Spellcasting
 + Level 2.7 Translocations


You had 3 spell levels left.
You knew the following spells:

 Your Spells              Type           Power        Failure   Level  Hunger
a - Blink                 Tloc           N/A          17%         2    ###....

Your spell library contained the following spells:

 Spells                   Type           Power        Failure   Level  Hunger
 Shroud of Golubria       Chrm/Tloc      #.........   30%         2    ###....
 Gell's Gravitas          Tloc           #.........   34%         3    ####...
 Lesser Beckoning         Tloc           #.........   34%         3    ####...
 Teleport Other           Tloc           #.......     34%         3    ####...
 Passage of Golubria      Tloc           N/A          75%         4    #####..


Dungeon Overview and Level Annotations

Branches:
Dungeon (2/15)

Altars:


Innate Abilities, Weirdness & Mutations

You have hooves in place of feet.
Armour fits poorly on your strangely shaped body.
You cover ground very quickly.
You have extremely tough skin. (AC +3)


Message History

The goblin shouts!
The goblin moves out of view.
Found 24 stones.
You now have 88 gold pieces (gained 16).
Found a robe.
You slash the goblin!
You kill the goblin!
Okay, then.
You see here an adder skeleton.
HP restored.
There is a stone staircase leading up here.
You climb upwards.
There is a stone staircase leading down here.
All of the chunks of flesh in your inventory have rotted away.
There is an open door here.
There is an open door here.
There is an open door here.
There is a staircase leading out of the dungeon here.
Are you sure you want to leave the Dungeon?
This will make you lose the game!
You have escaped!

#....######...........##....#
##.#.# ##..#########..#.##.#
###.# ##..##.......##...##.####
#.###..##.#######.##........#
#.....##.#'.....##.##....##.#
#####.#.##.#####.##.#..####.#
#.#.#.#'.#.##.#.#..# #.#
#.###.#.###.#.#.'..# #.#
#.#.#.#..@#.###.#..# #.#
#.#.#.#.###.#.#.#..# #.#
#.#.#.##...##.#.#..# #.#
#.#.##.#####.##.#..# #.#
########.##.##.....##.##.## #.#
..........##.#######.##..#####.#
....(......##.......##.........#
#########...#########..#########
......................##


There were no monsters in sight!

Vanquished Creatures
  An adder (D:2)
  2 worms (D:2)
  2 leopard geckos
  A ball python (D:1)
  3 goblins
  3 hobgoblins (D:1)
  A bat (D:1)
  3 frilled lizards
  A kobold (D:2)
17 creatures vanquished.

Notes
Turn   | Place    | Note
-------+----------+-------------------------------------------
     0 | D:1      | Kifli the Centaur Warper began the quest for the Orb.
     0 | D:1      | Reached XP level 1. HP: 17/17 MP: 3/3
   537 | D:1      | Reached XP level 2. HP: 20/24 MP: 4/4
   581 | D:1      | Learned a level 2 spell: Blink
   929 | D:2      | Reached skill level 1 in Armour
  1312 | D:2      | Reached XP level 3. HP: 12/30 MP: 5/5
  1638 | D:$      | Got out of the dungeon alive.

Skill      XL: |  1  2 |
---------------+-------+-----
Armour         | 1 |  1.0
Long Blades    | 2 |  2.0
Fighting       | |  2.5
Throwing       | |  1.1
Dodging        | |  1.7
Spellcasting   | |  1.7
Translocations | |  2.7

Action                   || total
-------------------------++-------
Melee: Falchion          ||    53
       Kick              ||     4
Throw: Tomahawk          ||     5
       Stone             ||    22
  Eat: Chunk             ||     1
Armor: Leather armour    ||    12
Dodge: Dodged            ||    21
       Rpst.: Falchion   ||     6
